 Dungeon Crawl Stone Soup version 0.28.0 (webtiles) character file.

Game seed: 58750203602715213

12 Morbidden the Sneak (level 2, 12/22 HPs)
             Began as a Demonspawn Brigand on Feb 14, 2022.
             Quit the game on level 1 of the Dungeon.
             The game lasted 00:00:20 (303 turns).

Morbidden the Sneak (Demonspawn Brigand)             Turns: 303, Time: 00:00:21

Health: 12/22      AC:  3    Str: 11    XL:     2   Next: 20%
Magic:  2/2        EV: 11    Int: 12    God:
Gold:   19         SH:  0    Dex: 14    Spells: 1/1 levels left

rFire   . . .      SeeInvis .   a - +2 dagger
rCold   . . .      Faith    .   (no shield)
rNeg    . . .      Spirit   .   b - +0 robe
rPois   .          Reflect  .   (no helmet)
rElec   .          Harm     .   c - +0 cloak
rCorr   .          Rampage  .   (no gloves)
Will    .....                   (no boots)
Stlth   ++........              (no amulet)
HPRegen 0.07/turn               (no ring)
MPRegen 0.08/turn               (no ring)

@: no status effects
A: demonic magic 1
a: no special abilities


You were on level 1 of the Dungeon.
You visited 1 branch of the dungeon, and saw 1 of its levels.

You collected 19 gold pieces.

Inventory:

Hand Weapons
 a - a +2 dagger (weapon)
Missiles
 d - 8 poisoned darts (quivered)
 e - 2 curare-tipped darts
Armour
 b - a +0 robe (worn)
 c - a +0 cloak (worn)
Jewellery
 h - a +4 ring of protection
Potions
 g - a potion of brilliance


   Skills:
 + Level 2.1 Fighting
 + Level 2.0 Short Blades
 + Level 2.0 Throwing
 + Level 1.0 Dodging
 + Level 3.8 Stealth


You had one spell level left.
You didn't know any spells.
Your spell library was empty.

Dungeon Overview and Level Annotations

Branches:
Dungeon (1/15)

Altars:


Innate Abilities, Weirdness & Mutations

Spells you cast may paralyse adjacent enemies.


Message History

The hobgoblin closely misses you.
You completely miss the hobgoblin.
The hobgoblin is moderately wounded.
The hobgoblin hits you.
You barely miss the hobgoblin.
The hobgoblin is moderately wounded.
You barely miss the hobgoblin.
You punch the hobgoblin, but do no damage.
The hobgoblin is moderately wounded.
The hobgoblin hits you.
You are too injured to fight recklessly!
You are too injured to fight recklessly!
You are too injured to fight recklessly!
You are too injured to fight recklessly!
You are too injured to fight recklessly!
You are too injured to fight recklessly!
You are too injured to fight recklessly!
You are too injured to fight recklessly!
You are too injured to fight recklessly!
You are too injured to fight recklessly!
You are too injured to fight recklessly!
You are too injured to fight recklessly!
You are too injured to fight recklessly!
A hobgoblin is nearby!
You are too injured to fight recklessly!
You are too injured to fight recklessly!
You hit the hobgoblin.
You kill the hobgoblin!
Your Short Blades skill increases to level 2!
Found a sapphire potion.
You now have 19 gold pieces (gained 13).
Things that are here:
a +0 club; a hobgoblin corpse; a goblin corpse
f - a scroll labelled ORUTAOMAZI
g - a sapphire potion;
h - a +4 ring of protection
As you read the scroll labelled ORUTAOMAZI, it crumbles to dust.
It is a scroll of identify.
g - a potion of brilliance Unknown command.
Are you sure you want to abandon this character and quit the game? (Confirm with "yes".)

##...## #####
#######.###.# ...#
##...##.## ##.
#.###.....#.# #. ##
#...........## ##.
#..#.)†......##.###.#
#..#.#...............
#....#.#...##......#.
#...@#.#.#.##.###....
#.#..#.#...##.# #....
...##...#..###.#
#.... #.# ###.#..#
#.# #.... #. ###..#
#.# #.... # #..# #.#
#..#. #♣.###.# #..##
♣.....###....
♣.#####......


There were no monsters in sight!

Vanquished Creatures
  2 endoplasms (D:1)
  2 giant cockroaches (D:1)
  2 goblins (D:1)
  A hobgoblin (D:1)
  A kobold (D:1)
  A bat (D:1)
  A frilled lizard (D:1)
10 creatures vanquished.

Notes
Turn   | Place    | Note
-------+----------+-------------------------------------------
     0 | D:1      | Morbidden the Demonspawn Brigand began the quest for the
                  | Orb.
     0 | D:1      | Reached XP level 1. HP: 16/16 MP: 1/1
   282 | D:1      | Gained mutation: Spells you cast may paralyse adjacent
                  | enemies. [demonic ancestry]
   282 | D:1      | Reached XP level 2. HP: 17/22 MP: 2/2
   287 | D:1      | Reached skill level 1 in Dodging
   303 | D:1      | Quit the game

Illustrated notes

Levels and vault maps discovered:
D:1:      sevenhm_arrival_forest_fort_small_6, layout_loops_ring,
          amethyst_killhole, minmay_misc_feat_nine_boxes, minmay_tetromino_i2

Skill      XL: |  1  2 |
---------------+-------+-----
Throwing       | 2 |  2.0
Dodging        | 1 |  1.0
Short Blades   | 2 |  2.0
Fighting       | |  2.1
Stealth        | |  3.8

Action                   || total
-------------------------++-------
Melee: Dagger            ||    27
       Punch             ||     1
  Use: Scroll            ||     1
 Stab: Sleeping          ||     2
Armor: Robe              ||     5
Dodge: Dodged            ||    13
